 Dungeon Crawl Stone Soup version bcrawl-1.27.1d (webtiles) character file.

Game seed: 10494269186332088258

249575 Freyura the Cutter (level 6, -3/47 HPs)
             Began as a Vampire Gladiator on July 18, 2020.
             Slain by an orc
             ... wielding a +0 morningstar
              (10 damage)
             ... on level 3 of the Dungeon.
             The game lasted 00:05:35 (1924 turns).

Freyura the Cutter (Vampire Gladiator)              Turns: 1924, Time: 00:05:36

Health: -3/47      AC:  4    Str: 17    XL:     6   Next: 26%
Magic:  6/6        EV: 13    Int:  8    God:
Gold:   72         SH:  0    Dex: 17    Spells: 5/5 levels left

rFire    . . .     SeeInvis +   a - +0 rapier
rCold    + . .     Gourm    .   (no shield)
rNeg     + + .     Faith    .   b - +0 leather armour
rPois    ∞         Spirit   .   c - +0 helmet
rElec    .         Reflect  .   (no cloak)
rCorr    .         Harm     .   (no gloves)
MR       .....                  (no boots)
Stlth    +++++.....             (no amulet)
HPRegen  0.07/turn              (no ring)
MPRegen  0.10/turn              (no ring)

@: bloodless, regenerating slowly
A: claws 1, fangs 3, see invisible, unbreathing
a: no special abilities


You were on level 3 of the Dungeon.
You were bloodless.

You visited 1 branch of the dungeon, and saw 3 of its levels.

You collected 72 gold pieces.

Inventory:

Hand Weapons
 a - a +0 rapier (weapon)
Missiles
 d - 3 throwing nets {=f}
Armour
 b - a +0 leather armour (worn)
 c - a +0 helmet (worn)
Scrolls
 g - 2 scrolls of identify
 h - a scroll of teleportation {unknown}
Potions
 e - a potion of might
 f - 3 potions of curing {unknown}
 q - 15 potions of blood


   Skills:
 + Level 3.0 Fighting
 * Level 6.1 Short Blades
 + Level 2.8 Throwing
 - Level 3.2 Dodging
 + Level 4.2 Stealth


You had 5 spell levels left.
You didn't know any spells.
Your spell library contained the following spells:

 Spells                   Type           Power        Failure   Level  Hunger
 Beastly Appendage        Tmut           #.....       47%         1    None
 Sticks to Snakes         Tmut           #.......     63%         2    ####...
 Spider Form              Tmut/Pois      #..          85%         3    #####..
 Ice Form                 Ice/Tmut       #.......     99%         4    ######.
 Blade Hands              Tmut           #.........   100%        5    #######


Dungeon Overview and Level Annotations

Branches:
Dungeon (3/12)

Altars:
Sif Muna


Innate Abilities, Weirdness & Mutations

You heal slowly.
You are immune to poison.
You have sharp fingernails.
You have razor-sharp teeth.
You have supernaturally acute eyesight. (SInv)
You can survive without breathing.


Message History

You hit the orc priest.
The orc priest is severely wounded.
The orc barely misses you. The orc hits you with a +0 dagger.
The orc barely misses you. The orc hits you with a +0 club.
The hobgoblin barely misses you. The orc hits you.
The orc priest closely misses you.
You hit the orc priest.
The orc priest is almost dead.
The orc hits you with a +0 dagger. The orc barely misses you.
The orc hits you but does no damage. The orc closely misses you.
The orc misses you. The hobgoblin closely misses you.
You hit the orc priest but do no damage.
The orc priest is almost dead.
The orc priest mumbles some strange prayers to Beogh against you.
Beogh smites you!
* * * LOW HITPOINT WARNING * * *
The orc barely misses you. The orc hits you with a +0 dagger.
* * * LOW HITPOINT WARNING * * *
The orc hits you with a +0 morningstar!
You die...

##...§§## ###<....###.
##..§# #####.#<....#.
##.. ######.......#.#...
#.. ...#..#..####.....
#.. #.#.#..## ##....
##..####.....#######.#..
.....................#.#
......oo#..###..........
.....oo@o.## #.....)###.
......ogo#####......###.
.......o........).......
........######......>#..
.......## #........).
......# #..########
...... #..######..
...... #..#o≈..#8.
####>≈..'._


You could see an orc priest, 7 orcs and a hobgoblin.

Vanquished Creatures
  2 sky beasts
  An orc priest (D:3)
  A gnoll (D:2)
  4 adders
  An ooze (D:2)
  3 worms
  2 dart slugs
  5 leopard geckos
  2 orcs
  5 giant cockroaches
  2 goblins (D:1)
  8 hobgoblins
  5 quokkas
  8 bats
  A frilled lizard (D:1)
  9 kobolds
  A rat (D:1)
60 creatures vanquished.

Notes
Turn   | Place    | Note
-------+----------+-------------------------------------------
     0 | D:1      | Freyura the Vampire Gladiator began the quest for the Orb.
     0 | D:1      | Reached XP level 1. HP: 16/16 MP: 1/1
   122 | D:1      | Reached skill level 1 in Stealth
   122 | D:1      | Reached XP level 2. HP: 12/22 MP: 2/2
   244 | D:1      | Reached skill level 4 in Short Blades
   683 | D:2      | Reached XP level 3. HP: 25/27 MP: 3/3
   970 | D:2      | Noticed a sky beast
   980 | D:2      | Killed a sky beast
   980 | D:2      | Reached skill level 5 in Short Blades
   980 | D:2      | Reached XP level 4. HP: 12/34 MP: 4/4
   980 | D:2      | Reached XP level 5. HP: 14/39 MP: 5/5
  1503 | D:3      | Noticed a sky beast
  1522 | D:3      | Killed a sky beast
  1625 | D:3      | Reached skill level 6 in Short Blades
  1625 | D:3      | Reached XP level 6. HP: 47/47 MP: 6/6
  1685 | D:3      | Found a shimmering blue altar of Sif Muna.
  1924 | D:3      | Slain by an orc

Skill      XL: |  1  2  3  4  5 |
---------------+----------------+-----
Stealth        | 1 3 4 |  4.2
Fighting       | 2 3 |  3.0
Short Blades   | 4 5 6 |  6.1
Throwing       | 2 |  2.8
Dodging        | |  3.2

Action                   |  1- 3 |  4- 6 || total
-------------------------+-------+-------++-------
Melee: Rapier            |   101 |    77 ||   178
       Bite              |    10 |     6 ||    16
  Use: Scroll            |       |     3 ||     3
 Stab: Sleeping          |     7 |     7 ||    14
Armor: Leather armour    |    18 |    23 ||    41
Dodge: Dodged            |    72 |    68 ||   140
